 Dungeon Crawl Stone Soup version 0.30.0-5-g1a98f26d00 (webtiles) character file.

Game seed: 3709649326032978035

11529 SnakkuSnakku7 the Skirmisher (level 11, 0/113 HPs)
             Began as an Ogre Delver on May 10, 2023.
             Was a Priest of Kikubaaqudgha.
             Slain by a manticore (22 damage)
             ... on level 11 of the Dungeon.
             The game lasted 00:19:52 (12651 turns).

SnakkuSnakku7 the Skirmisher (Ogre Delver)         Turns: 12651, Time: 00:19:53

Health: 0/113      AC:  7    Str: 18    XL:     11   Next: 79%
Magic:  11/11      EV: 15    Int: 11    God:    Kikubaaqudgha [***...]
Gold:   273        SH:  5    Dex: 14    Spells: 10/10 levels left

rFire   . . .        a - +7 shortbow
rCold   + + .        (shield currently unavailable)
rNeg    . . .        I - +0 steam dragon scales
rPois   +            (helmet restricted)
rElec   .            P - +0 cloak of Fedhas's Castigation {rC++ Will++ Stlth+}
rCorr   .            (gloves unavailable)
SInv    .            (boots unavailable)
Will    +++..        i - amulet of reflection
Stlth   +++          E - ring of poison resistance
HPRegen 0.38/turn    J - +5 ring of evasion
MPRegen 0.12/turn

%: reflection
@: spiked
A: large, unfitting armour, tough skin 1
a: Renounce Religion, Unearth Wretches


You were on level 11 of the Dungeon.
You worshipped Kikubaaqudgha.
Kikubaaqudgha was most pleased with you.
You visited 2 branches of the dungeon, and saw 12 of its levels.
You also visited: Sewer.

You collected 881 gold pieces.
You spent 608 gold pieces at shops.

Inventory:

Hand Weapons
 a - a +7 shortbow (weapon)
 B - a +0 mace
Missiles
 h - 30 poisoned darts
Armour
 b - a +0 robe
 I - +0 steam dragon scales (worn)
 P - the +0 cloak of Fedhas's Castigation (worn) {rC++ Will++ Stlth+}
   (You bought it in a shop on level 1 of the Dungeon)

   rC:        It greatly protects you from cold.
   Will:      It greatly increases your willpower.
   Stlth:     It makes you more stealthy.
Jewellery
 i - an amulet of reflection (around neck)
 q - a ring of flight
 x - a ring of protection from cold
 E - a ring of poison resistance (left hand)
 G - a ring of ice
 J - a +5 ring of evasion (right hand)
 L - a ring of protection from cold
 N - a ring of positive energy
Wands
 g - a wand of digging (2)
 j - a wand of flame (5)
 w - a wand of iceblast (10)
 y - a wand of mindburst (16)
 O - a wand of paralysis (2)
Scrolls
 c - 5 scrolls of fog
 d - 8 scrolls of magic mapping
 e - 5 scrolls of fear
 k - 4 scrolls of amnesia
 l - 2 scrolls of poison {unknown}
 m - a scroll of vulnerability {unknown}
 r - 10 scrolls of identify {unknown}
 t - 4 scrolls of blinking {unknown}
 z - 3 scrolls of torment {unknown}
 A - 2 scrolls of immolation {unknown}
 F - 2 scrolls of enchant armour {unknown}
 H - 5 scrolls of teleportation
 K - 4 scrolls of silence {unknown}
 M - a scroll of enchant weapon {unknown}
Potions
 f - 9 potions of might
 n - 3 potions of heal wounds
 o - 3 potions of mutation {unknown}
 p - 5 potions of flight {unknown}
 s - 7 potions of curing
 u - 2 potions of lignification {unknown}
 v - 3 potions of degeneration {unknown}
 C - a potion of ambrosia {unknown}
 D - a potion of attraction {unknown}
 Q - a potion of berserk rage {unknown}


   Skills:
 - Level 8.6 Fighting
 - Level 2.0 Maces & Flails
 + Level 13.0 Ranged Weapons
 - Level 4.0 Throwing
 - Level 1.7 Dodging
 - Level 3.7 Stealth


You had 10 spell levels left.
You didn't know any spells.
Your spell library contained the following spells:

 Spells                   Type           Power      Damage    Failure   Level
 Foxfire                  Conj/Fire      0%         2x1d4     34%         1
 Kiss of Death            Conj/Necr      0%         2d5       34%         1
 Magic Dart               Conj           0%         1d3       34%         1
 Necrotise                Necr           0%         1d4       34%         1
 Summon Small Mammal      Summ           0%         N/A       34%         1
 Searing Ray              Conj           0%         2d4       47%         2
 Call Canine Familiar     Summ           0%         N/A       71%         3
 Summon Guardian Golem    Hex/Summ       0%         N/A       71%         3
 Vampiric Draining        Necr           0%         2d6       71%         3
 Anguish                  Hex/Necr       0%         N/A       98%         4
 Animate Dead             Necr           0%         N/A       98%         4
 Dispel Undead            Necr           0%         3d6       98%         4
 Fulminant Prism          Conj/Hex       0%         3d5       98%         4
 Borgnjor's Vile Clutch   Necr/Erth      0%         N/A       100%        5
 Fireball                 Conj/Fire      0%         3d3       100%        5
 Plasma Beam              Fire/Air       0%         2x1d11    100%        6
 Simulacrum               Ice/Necr       0%         N/A       100%        6
 Starburst                Conj/Fire      0%         6d3       100%        6


Dungeon Overview and Level Annotations

Branches:
Dungeon (11/15)            Temple (1/1) D:4            Lair (0/5) D:11
    Orc (0/2) D:9           Sewer (visited)

Altars:
Ashenzari
Cheibriados
Dithmenos
Elyvilon
Gozag
Hepliaklqana
Kikubaaqudgha
Makhleb
Ru
Sif Muna
Uskayaw
Vehumet
Wu Jian
Xom
Zin
The Shining One

Shops:
D:1 [   D:4 (   D:6 !:[   D:9 *

Annotations:
D:6 Eustachio
D:9 3 runed translucent doors, Implojin's ghost, journeyman KoAE


Innate Abilities, Weirdness & Mutations

You are too large for most types of armour.
You have tough skin. (AC +1)


Message History

You shoot an arrow. The arrow closely misses the manticore.
The manticore flicks its tail.
The volley of spikes hits you!
The barbed spikes become lodged in your body.
Unknown command.
Unknown command.
You shoot an arrow. The arrow hits the manticore.
The manticore is severely wounded.
Unknown command.
You shoot an arrow. The arrow hits the manticore.
The manticore is severely wounded.
You shoot an arrow. The arrow hits the manticore.
The manticore is almost dead.
The manticore bites you!! The manticore claws you!
The manticore closely misses you.
Unknown command.
You are too injured to fight recklessly!
You are too injured to fight recklessly!
Unknown command.
You are too injured to fight recklessly!
You are too injured to fight recklessly!
Fire: a) +7 shortbow
Press: ? - help, Q - select action, (/) - cycle Shift-Dir - straight line, f/p - manticore
Aim: a manticore (almost dead, 81% to hit)
You shoot an arrow. The arrow hits the manticore!
The manticore is almost dead.
The manticore bites you!
* * * LOW HITPOINT WARNING * * *
The manticore claws you but does no damage.
The manticore claws you!
* * * LOW HITPOINT WARNING * * *
Fire: a) +7 shortbow
Press: ? - help, Q - select action, (/) - cycle Shift-Dir - straight line, f/p - manticore
Aim: a manticore (almost dead, 81% to hit)
You shoot an arrow.
The arrow hits the manticore but does no damage.
The manticore is almost dead.
The manticore bites you!!
You die...
Kikubaaqudgha rasps: "You have failed me!
Welcome... death!"

..#.###########
#
#......H@.....#
#.....
.......#.####.#
#..###
##..##....###.#
...... #.
#.....##>#
#..###
#.....##.# #..#
.##.....##.#
#..#
...........#
#..#
.##.....####
...# ##.##.#


You could see a manticore.

Vanquished Creatures
  A two-headed ogre (D:10)
  2 boulder beetles
  A manticore (D:11)
  A cyclops (D:11)
  Joseph (D:10)
  An unseen horror (D:11)
  A kobold demonologist (D:11)
  3 trolls
  A vampire (D:11)
  15 yaks
  4 wyverns
  A wraith (D:11)
  A basilisk (D:11)
  A steam dragon (D:6)
  Menkaure (D:6)
  2 acid dragons
  4 water moccasins
  3 orc warriors
  An ice beast (D:8)
  2 black bears
  3 centaurs
  A phantom (D:4)
  5 kobold brigands
  A bullfrog (D:8)
  3 gnoll sergeants
  4 scorpions
  5 wights (D:8)
  8 killer bees (D:9)
  3 howler monkeys
  7 hounds
  4 orc priests
  3 jellies
  4 iguanas
  A sleepcap (D:4)
  3 orc wizards
  12 gnolls
  7 river rats
  7 adders
  3 white imps
  3 ufetubi
  5 worms
  37 orcs
  10 ball pythons
  7 endoplasms
  A giant cockroach (D:4)
  8 goblins
  8 hobgoblins
  17 jackals
  2 quokkas
  5 bats
  9 frilled lizards
  13 kobolds
  7 rats
263 creatures vanquished.

Vanquished Creatures (others)
  A kobold brigand (D:6)
1 creature vanquished.

Grand Total: 264 creatures vanquished

Notes
Turn   | Place    | Note
-------+----------+-------------------------------------------
     0 | D:5      | SnakkuSnakku7 the Ogre Delver began the quest for the Orb.
     0 | D:5      | Reached XP level 1. HP: 24/24 MP: 1/1
    30 | D:4      | Noticed a sleepcap
   150 | D:4      | Found a glowing drain.
   167 | D:4      | Found Hoyducul's Antique Weapon Boutique.
   199 | D:4      | Reached XP level 2. HP: 18/33 MP: 2/2
   211 | D:4      | Reached skill level 1 in Throwing
   267 | Sewer    | Entered a sewer
   319 | Sewer    | Reached XP level 3. HP: 41/41 MP: 3/3
   447 | Sewer    | Reached skill level 5 in Fighting
   471 | Sewer    | Noticed a kobold brigand
   497 | Sewer    | Killed a kobold brigand
   498 | Sewer    | Reached XP level 4. HP: 30/52 MP: 4/4
   605 | Sewer    | Noticed a kobold brigand
   621 | Sewer    | Killed a kobold brigand
   622 | Sewer    | Reached XP level 5. HP: 61/61 MP: 5/5
   778 | Sewer    | Noticed a kobold brigand
   790 | Sewer    | Killed a kobold brigand
   791 | Sewer    | Reached XP level 6. HP: 68/68 MP: 6/6
  1728 | D:2      | Found a faded altar of an unknown god.
  1792 | D:1      | Found Remoizey's Armour Shoppe.
  3511 | D:4      | Reached XP level 7. HP: 81/81 MP: 7/7
  3672 | D:4      | Found a staircase to the Ecumenical Temple.
  3678 | Temple   | Entered the Ecumenical Temple
  3693 | Temple   | Became a worshipper of Kikubaaqudgha
  3951 | D:4      | Reached skill level 1 in Ranged Weapons
  4299 | D:4      | Bought a runed shortbow for 150 gold pieces
  4355 | D:5      | Reached skill level 2 in Ranged Weapons
  4483 | D:5      | Identified the +4 dagger of Circular Logic {vamp, Will+
                  | Dex+2}
  4504 | D:5      | Reached skill level 3 in Ranged Weapons
  4592 | D:5      | Reached XP level 8. HP: 51/89 MP: 8/8
  4944 | D:6      | Found Nisar's Armour Boutique.
  4944 | D:6      | Found Huanoxy's Book Boutique.
  4944 | D:6      | Found Nasunugh's Distillery.
  5003 | D:6      | Reached * piety under Kikubaaqudgha
  5003 | D:6      | Received a gift from Kikubaaqudgha
  5061 | D:6      | Reached skill level 4 in Ranged Weapons
  5084 | D:6      | Found a hide-covered altar of Uskayaw.
  5193 | D:6      | Noticed Eustachio
  5432 | D:6      | Reached skill level 5 in Ranged Weapons
  5690 | D:6      | Noticed Menkaure
  5702 | D:6      | Killed Menkaure
  5703 | D:6      | Reached skill level 6 in Ranged Weapons
  5935 | D:6      | Reached XP level 9. HP: 97/97 MP: 9/9
  6925 | D:7      | Reached skill level 7 in Ranged Weapons
  7607 | D:8      | Noticed a polar bear
  8017 | D:8      | Reached skill level 8 in Ranged Weapons
  8067 | D:9      | Found a runed translucent gate.
  8067 | D:9      | Found a runed translucent gate.
  8067 | D:9      | Found a runed translucent gate.
  8114 | D:9      | Noticed Implojin's ghost (journeyman KoAE)
  8175 | D:9      | Reached ** piety under Kikubaaqudgha
  8260 | D:9      | Noticed a boulder beetle
  8277 | D:9      | Killed a boulder beetle
  8278 | D:9      | Reached skill level 9 in Ranged Weapons
  8278 | D:9      | Reached XP level 10. HP: 83/106 MP: 10/10
  8453 | D:9      | Found Doopeakh's Neck Hole.
  8505 | D:9      | Reached skill level 10 in Ranged Weapons
  9135 | D:1      | Bought the +0 cloak of Fedhas's Castigation {rC++ Will++
                  | Stlth+} for 458 gold pieces
  9624 | D:9      | Found a staircase to the Orcish Mines.
  9795 | D:10     | Entered Level 10 of the Dungeon
  9795 | D:10     | Noticed a two-headed ogre
  9935 | D:10     | Found a burning altar of Makhleb.
  9935 | D:10     | Noticed Joseph
  9951 | D:10     | Killed Joseph
  9955 | D:10     | Found a broken altar of Ashenzari.
 10072 | D:10     | Found a shimmering altar of Xom.
 10230 | D:10     | Killed a two-headed ogre
 10231 | D:10     | Reached skill level 11 in Ranged Weapons
 10551 | D:10     | Reached XP level 11. HP: 113/113 MP: 11/11
 11518 | D:11     | Noticed a boulder beetle
 11544 | D:11     | Killed a boulder beetle
 11705 | D:11     | Reached skill level 12 in Ranged Weapons
 11851 | D:11     | Found a staircase to the Lair.
 11873 | D:11     | Reached *** piety under Kikubaaqudgha
 11873 | D:11     | Received a gift from Kikubaaqudgha
 11894 | D:11     | Noticed a cyclops
 11906 | D:11     | Killed a cyclops
 12175 | D:11     | Noticed a manticore
 12183 | D:11     | Killed a manticore
 12473 | D:11     | Found a sacrificial altar of Ru.
 12630 | D:11     | Reached skill level 13 in Ranged Weapons
 12638 | D:11     | Noticed a manticore
 12651 | D:11     | Slain by a manticore

Illustrated notes

Levels and vault maps discovered:
D:1:      onia_arrival_pentagram, layout_loops_ring, serial_shops,
          nicolae_shop_stone, chequers_decorated_corner
D:2:      layout_loops_corners, nicolae_ecumenical_pavilion,
          minmay_goblin_outpost
D:3:      layout_loops_cross, serial_co_window_serial, co_window_corner_a,
          co_window_corner_a, co_window_paths_b, co_window_paths_b,
          co_window_paths_b, co_window_broadway_c, co_window_of_opportunity_c,
          co_window_corner_b, co_window_unsneaky_path_a, co_window_cross_4,
          co_window_2corner, co_window_paths_e, glass_columns_a,
          glass_columns_b, glass_columns_c, glass_columns_b
D:4:      layout_cave_pools, minmay_temple_entry_hall, portal_sewer_entry_b,
          serial_shops, shop_statue, minivault_23, minmay_misc_feat_pillars,
          kennysheep_cluttered_room, hangedman_decor_points,
          kennysheep_generic_room_16
D:5:      layout_cave_pools
D:6:      layout_basic, lemuel_round_altar, nicolae_shop_distant_corner_stores,
          uniq_eustachio, uniq_menkaure
D:7:      layout_cave_pools, serial_co_window_serial, co_window_corner_a,
          co_window_corner_a, co_window_paths_a, co_window_corner_a,
          co_window_corner_a, co_window_of_opportunity_c, co_window_2corner,
          co_window_2corner, co_window_4corner_a
D:8:      layout_loops_ring, serial_ice, serial_ice_d, serial_ice_m,
          serial_ice_b, serial_ice_g
D:9:      layout_loops_ring, hiddenorc1_lemuel, biasface_ghost_orc_armoury,
          nicolae_shop_sticking_my_neck_out
D:10:     layout_layer_cave, grunt_temple_overflow_open, uniq_joseph
D:11:     layout_loops_ring, minmay_lair_entry_grove, nicolae_ru_awakened_eye
Temple:   nicolae_temple_two_arcs

Skill      XL: |  1  2  3  4  5  6  7  8  9 10 11 |
---------------+----------------------------------+-----
Maces & Flails | 2 |  2.0
Throwing       | 1 2 3 4 |  4.0
Fighting       | 5 6 8 |  8.6
Ranged Weapons | 3 6 9 11 13 | 13.0
Dodging        | |  1.7
Stealth        | |  3.7

Action                     |  1- 3 |  4- 6 |  7- 9 | 10-12 || total
---------------------------+-------+-------+-------+-------++-------
  Melee: Mace              |    45 |   288 |    80 |       ||   413
         Punch             |       |     2 |     2 |       ||     4
   Fire: Shortbow          |       |       |   323 |   412 ||   735
  Throw: Dart              |    10 |    12 |     5 |     5 ||    32
         Throwing net      |       |       |     2 |       ||     2
  Evoke: Wand              |     4 |     2 |     8 |     8 ||    22
    Use: Potion            |     1 |       |     2 |       ||     3
         Scroll            |       |       |     2 |     1 ||     3
   Stab: Sleeping          |     1 |    13 |     2 |       ||    16
         Distracted        |       |       |     1 |       ||     1
 Armour: Robe              |     9 |    69 |    34 |       ||   112
         Steam dragon scal |       |       |    15 |    34 ||    49
  Dodge: Dodged            |    27 |   139 |   139 |   136 ||   441
  Block: Other             |     9 |    56 |    64 |    49 ||   178
         Reflection        |       |     1 |     3 |     3 ||     7
